 Dungeon Crawl Stone Soup version 0.28-a0-938-gbc3f381ebc (webtiles) character file.

Game seed: 15283112236715030462

781 TrogsFancyHat the Firebug (level 7, 0/41 HPs)
             Began as an Octopode Fire Elementalist on Nov 29, 2021.
             Slain by an adder (2 damage)
             ... on level 5 of the Dungeon.
             The game lasted 00:14:15 (6725 turns).

TrogsFancyHat the Firebug (OpFE)                    Turns: 6725, Time: 00:14:16

Health: 0/41       AC:  1    Str:  8    XL:     7   Next: 85%
Magic:  3/14       EV: 17    Int: 19    God:
Gold:   245        SH:  0    Dex: 12    Spells: 12/15 levels left

rFire   . . .      SeeInvis .   m - +0 flail
rCold   . . .      Faith    .   (no shield)
rNeg    . . .      Spirit   .   (helmet restricted)
rPois   .          Reflect  .   (no amulet)
rElec   .          Harm     .   f - +4 ring of evasion
rCorr   .          Rampage  .   (no ring)
Will    .....                   (no ring)
Stlth   +++.......              (no ring)
HPRegen 0.13/turn               (no ring)
MPRegen 0.14/turn               (no ring)
                                (no ring)
                                (no ring)

@: no status effects
A: almost no armour, amphibious, 8 rings, camouflage 1, gelatinous body 1,
(nimble swimmer 1), tentacles
a: no special abilities


You were on level 5 of the Dungeon.
You visited 1 branch of the dungeon, and saw 5 of its levels.

You collected 245 gold pieces.

Inventory:

Hand Weapons
 m - a +0 flail (weapon)
Jewellery
 f - a +4 ring of evasion (left tentacle)
Wands
 k - a wand of digging (5)
Scrolls
 a - a scroll of amnesia {unknown}
 c - 2 scrolls of teleportation {unknown}
 d - 2 scrolls of magic mapping {unknown}
 e - a scroll of enchant armour {unknown}
 h - 2 scrolls of enchant weapon {unknown}
 i - a scroll of fear {unknown}
 p - a scroll of fog {unknown}
Potions
 b - 2 potions of flight {unknown}
 g - a potion of degeneration {unknown}
 j - a potion of brilliance {unknown}
 l - a potion of curing {unknown}
 n - a potion of attraction {unknown}
 q - a potion of lignification {unknown}
 r - a potion of magic {unknown}
 s - a potion of cancellation {unknown}


   Skills:
 - Level 2.0 Dodging
 - Level 2.6 Stealth
 + Level 4.8 Spellcasting
 + Level 4.8 Conjurations
 + Level 5.7 Fire Magic


You had 12 spell levels left.
You knew the following spells:

 Your Spells              Type           Power      Damage    Failure   Level
a - Foxfire               Conj/Fire      96%        2x1d8     1%          1
b - Scorch                Fire           52%        2d8       1%          2

Your spell library contained the following spells:

 Spells                   Type           Power      Damage    Failure   Level
 Conjure Flame            Conj/Fire      24%        6-21      4%          3
 Inner Flame              Hex/Fire       15%        N/A       12%         3
 Flame Wave               Conj/Fire      24%        2d6       14%         4
 Sticky Flame             Conj/Fire      24%        2d5       14%         4
 Ignite Poison            Fire/Tmut/Pois 11%        N/A       17%         3
 Passwall                 Tmut/Erth      3%         N/A       19%         2
 Swiftness                Air            4%         N/A       36%         3


Dungeon Overview and Level Annotations

Branches:
Dungeon (5/15)
 Temple: D:4-7

Altars:
Vehumet


Innate Abilities, Weirdness & Mutations

You cannot wear most types of armour.
You are amphibious.
You can wear up to eight rings at the same time.
Your skin changes colour to match your surroundings (Stealth+).
Your rubbery body absorbs attacks. (AC +1, EV +1)
((You are camouflaged near water. (Stealth+)))
You have tentacles for arms and can constrict up to eight enemies at once.


Message History

Flames lash the ice beast.
The ice beast is lightly wounded.
The ice beast's fire resistance burns away.
You hear an angry hiss.
The ice beast completely misses you.
Casting: Scorch (safe; 1% risk of failure)
Confirm with . or Enter, or press ? or * to list all spells.
Flames lash the ice beast.
The ice beast is lightly wounded.
The ice beast closely misses you.
Casting: Scorch (safe; 1% risk of failure)
Confirm with . or Enter, or press ? or * to list all spells.
Flames lash the ice beast.
The ice beast melts!
The ice beast is heavily wounded.
A bullfrog zombie comes into view.
The ice beast hits you. The ice beast freezes you!
Casting: Scorch (safe; 1% risk of failure)
Confirm with . or Enter, or press ? or * to list all spells.
Flames lash the ice beast.
The ice beast is heavily wounded.
The ice beast is no longer more vulnerable to fire.
A hound comes into view.
The ice beast hits you. The ice beast freezes you!
Casting: Scorch (safe; 1% risk of failure)
Confirm with . or Enter, or press ? or * to list all spells.
Flames lash the ice beast.
The ice beast melts!
The ice beast is severely wounded.
The ice beast's fire resistance burns away.
The ice beast misses you.
Casting: Scorch (safe; 1% risk of failure)
Confirm with . or Enter, or press ? or * to list all spells.
Flames lash the adder.
The adder is heavily wounded.
The adder's fire resistance burns away.
The ice beast hits you. The ice beast freezes you!
* * * LOW HITPOINT WARNING * * *
You barely miss the adder. Your grab misses the adder.
The adder is heavily wounded.
The adder closely misses you. The ice beast misses you. The adder bites you.
You die...

###+# .... ...#+###
......##+##
.........#
#........#
#........#
#.@......#
#####YS......#
..####.....h......#
...........Z).....#
..................#
...........###....#
...........# ....#
....)##†#..# ....#
..... .?...# ..


You could see an ice beast (combustible), a hound, an adder (combustible) and a
bullfrog zombie.

Vanquished Creatures
  Eustachio (D:4)
  2 ogres (D:5)
  A black bear (D:4)
  2 scorpions
  A hound (D:4)
  A gnoll shaman (D:4)
  Terence (D:2)
  2 iguanas (D:3)
  A hound skeleton (D:4)
  Robin (D:1)
  An adder (D:3)
  A worm (D:3)
  3 dart slugs
  3 orcs (D:4)
  8 endoplasms
  3 giant cockroaches
  13 goblins
  11 hobgoblins
  10 jackals
  6 quokkas
  7 ball pythons
  6 bats
  8 frilled lizards
  4 kobolds
  5 rats
102 creatures vanquished.

Vanquished Creatures (collateral kills)
  A foxfire (D:2)
1 creature vanquished.

Vanquished Creatures (others)
  339 foxfires
339 creatures vanquished.

Grand Total: 442 creatures vanquished

Notes
Turn   | Place    | Note
-------+----------+-------------------------------------------
     0 | D:1      | TrogsFancyHat the Octopode Fire Elementalist began the
                  | quest for the Orb.
     0 | D:1      | Reached XP level 1. HP: 11/11 MP: 3/3
   467 | D:1      | Found a faded altar of an unknown god.
   566 | D:1      | Reached XP level 2. HP: 17/17 MP: 0/5
  1299 | D:1      | Reached XP level 3. HP: 19/21 MP: 1/6
  1393 | D:2      | Learned a level 2 spell: Scorch
  1425 | D:2      | Noticed Robin
  1847 | D:1      | Killed Robin
  2028 | D:2      | Noticed Terence
  2042 | D:2      | Killed Terence
  2043 | D:2      | Reached XP level 4. HP: 27/27 MP: 0/8
  2739 | D:2      | Found a radiant altar of Vehumet.
  3267 | D:3      | Reached skill level 4 in Fire Magic
  3465 | D:3      | Reached XP level 5. HP: 31/31 MP: 4/9
  4857 | D:4      | Reached XP level 6. HP: 36/36 MP: 0/11
  5227 | D:4      | Noticed a black bear
  5261 | D:4      | Identified the +7 dagger of Inflation {speed, rPois Will++}
  5603 | D:4      | Killed a black bear
  5761 | D:4      | Noticed Eustachio
  5946 | D:4      | Killed Eustachio
  5947 | D:4      | Reached skill level 5 in Fire Magic
  5947 | D:4      | Reached XP level 7. HP: 39/41 MP: 4/13
  6472 | D:5      | Entered Level 5 of the Dungeon
  6724 | D:5      | HP: 1/41 [ice beast (14)]
  6725 | D:5      | Slain by an adder

Illustrated notes

Levels and vault maps discovered:
D:1:      eino_arrival_water_star, layout_loops_cross,
          ebering_ecumenical_altar_hall, wander_ebering_terrifying_dragon_lair
D:2:      minmay_chambers_of_twos, layout_basic, basic_altar,
          serial_bayou_pond_b, uniq_robin, uniq_terence
D:3:      layout_basic
D:4:      minmay_angry_zag, layout_loops_cross, minmay_starry_boxes,
          uniq_eustachio
D:5:      layout_gridville, temple_fountains, minmay_fractal_squares_5,
          uniq_blork_the_orc

Skill      XL: |  1  2  3  4  5  6 |
---------------+-------------------+-----
Conjurations   | 2 3 4 |  4.8
Spellcasting   | 3 4 |  4.8
Fire Magic     | 4 5 |  5.7
Dodging        | |  2.0
Stealth        | |  2.6

Action                   |  1- 3 |  4- 6 |  7- 9 || total
-------------------------+-------+-------+-------++-------
Melee: Mace              |    19 |     3 |       ||    22
       Tentacles         |     7 |       |       ||     7
       Constrict         |     5 |     1 |       ||     6
       Spear             |     2 |       |       ||     2
       Flail             |       |       |     1 ||     1
 Cast: Foxfire           |    58 |   118 |    15 ||   191
       Scorch            |     9 |    41 |    11 ||    61
  Use: Potion            |       |     1 |       ||     1
 Stab: Sleeping          |     2 |       |       ||     2
Armor: Skin              |     5 |     2 |       ||     7
Dodge: Dodged            |    25 |    65 |     7 ||    97

Table legend: (Time is in decaauts)
 A = Elapsed time spent in this place.
 B = Non-inter-level travel time spent in this place.
 C = Inter-level travel time spent in this place.
 D = Time resting spent in this place.
 E = Time spent auto-exploring this place.
 F = Levels seen in this place.
 G = Mean time per level.
                   A        B        C        D        E       F      G
               +--------+--------+--------+--------+--------+-----+--------+
         Total |   6743 |   6562 |    181 |   1024 |   4556 |   5 | 1348.6 |
       Dungeon |   6743 |   6562 |    181 |   1024 |   4556 |   5 | 1348.6 |
               +--------+--------+--------+--------+--------+-----+--------+

Top non-repeatable levels by time:
     D:3: 2043 daAuts
     D:1: 1852 daAuts
     D:2: 1410 daAuts
     D:4: 1361 daAuts
     D:5: 75 daAuts
